 Dungeon Crawl Stone Soup version 0.16-a0-3939-g9a3e665 (webtiles) character file.

1120 Minkie the Carver (level 8, -11/52 HPs)
             Began as a High Elf Fighter on Feb 6, 2015.
             Was a Follower of Okawaru.
             Mangled by a goliath beetle (25 damage)
             ... on level 6 of the Dungeon.
             The game lasted 00:25:02 (7494 turns).

Minkie the Carver (High Elf Fighter)                Turns: 7494, Time: 00:25:03

Health: -11/52     AC:  9    Str: 15    XL:     8   Next: 12%
Magic:  13/13      EV:  7    Int: 13    God:    Okawaru [*.....]
Gold:   305        SH:  9    Dex: 16    Spells: 1 memorised, 1 level left

rFire  + . .     SeeInvis .     y - +0 long sword (holy)
rCold  . . .     Clarity  .     b - +0 scale mail
rNeg   . . .     SustAb   .     c - +0 shield
rPois  .         Gourm    .     (no helmet)
rElec  .         Spirit   .     v - +2 cloak
rCorr  .         Warding  .     (no gloves)
rMut   .         Stasis   .     (no boots)
MR     .....                    (no amulet)
Stlth  ..........               m - ring of protection from fire
                                j - +1 ring of evasion

@: not resistant to hostile enchantments, extremely unstealthy
A: no striking features
a: Heroism, Renounce Religion


You were on level 6 of the Dungeon.
You worshipped Okawaru.
Okawaru was aware of your devotion.
You were not hungry.

You visited 2 branches of the dungeon, and saw 8 of its levels.
You also visited: Ossuary.

You collected 305 gold pieces.

Inventory:

Hand weapons
 y - a +0 long sword of holy wrath (weapon)
Missiles
 l - 12 poisoned javelins (quivered)
Armour
 b - a +0 scale mail (worn)
 c - a +0 shield (worn)
 v - a +2 cloak (worn)
Magical staves
 J - an uncursed staff of earth
Jewellery
 j - a +1 ring of evasion (left hand)
 m - a ring of protection from fire (right hand)
Magical devices
 a - a wand of frost (43)
 F - a wand of paralysis (10)
 H - a wand of magic darts (25)
Scrolls
 f - 11 scrolls of remove curse
 n - 2 scrolls of identify
 o - 3 scrolls of recharging {unknown}
 p - a scroll of fear {unknown}
 w - 2 scrolls of blinking {unknown}
 x - a scroll of enchant weapon {unknown}
 z - 3 scrolls of holy word {unknown}
 B - 2 scrolls of magic mapping {unknown}
 C - a scroll of random uselessness {unknown}
 D - a scroll of teleportation {unknown}
Potions
 e - 2 potions of might
 g - 2 potions of haste
 h - 3 potions of brilliance
 r - 2 potions of agility {unknown}
 t - a potion of curing
 u - a potion of magic {unknown}
 A - 2 potions of heal wounds {unknown}
 E - a potion of invisibility {unknown}
 G - a potion of mutation {unknown}
Books
 K - a book of Enchantments

   Spells                             Type                      Level
   a - Tukima's Dance                 Hexes                        3
   b - Cause Fear                     Hexes                        4
   c - Silence                        Hexes/Air                    5
   d - Deflect Missiles               Charms/Air                   6
   e - Haste                          Charms                       6
   f - Discord                        Hexes                        8
Comestibles
 d - 3 bread rations
 i - 4 meat rations
 q - 4 fruits
 s - 2 slices of pizza


   Skills:
 - Level 3.0 Fighting
 * Level 11.4 Long Blades
 - Level 2.6 Armour
 - Level 2.6 Shields
 + Level 0.4 Spellcasting
 + Level 0.5 Charms


You had one spell level left.
You knew the following spells:

 Your Spells              Type           Power        Failure   Level  Hunger
a - Haste                 Chrm           #.......     100%        6    #######


Dungeon Overview and Level Annotations

Branches:
Dungeon (7/15)             Temple (1/1) D:4

Altars:
Ashenzari
Cheibriados
Dithmenos
Elyvilon
Fedhas
Gozag
Kikubaaqudgha
Nemelex Xobeh
Okawaru
Qazlal
Ru
Sif Muna
Trog
Vehumet
Xom
Yredelemnul
Zin

Shops:
D:5 %   D:6 }


Message History

You hit the goliath beetle but do no damage.
The goliath beetle is heavily wounded.
You feel sick. The goliath beetle bites you!!
* * * LOW HITPOINT WARNING * * *
You hit the goliath beetle but do no damage.
The goliath beetle is heavily wounded.
Drink which item? (? for menu, Esc to quit)
It was a potion of curing.
You feel better. The goliath beetle barely misses you.
You hit the goliath beetle.
The goliath beetle is heavily wounded.
Your shield and scale mail prevent you from hitting the goliath beetle.
The goliath beetle is heavily wounded.
You block the goliath beetle's attack.
You hit the goliath beetle.
The goliath beetle is heavily wounded.
You hit the goliath beetle but do no damage.
The goliath beetle is heavily wounded.
The goliath beetle bites you!!
You die...

........+.......'...###########.'
##.##..##.......##'###...#...####
##.##..#..+##...##.# #.>.#.>.####
'..+.......##...##.###...#...#.##
##.##.###..##...##.##'#######'.##
##.##+###+###'##....'..#####...##
.+.........##.####.##..##.##.....
##.##.###..#8.8###.##..##.####'##
##.##.###+###.##@B.##..##.##...##
....+......##.####.##+###.......#
....#......#8.8# #.##...........'
#+###.###..##.## #.##..#######+##
#.###'###..##.## #.##..#######.##
...'..#....#8.8# #.##...........#
..###########.## ##########.##.((
####8##8##8##.##8##8##8####.##'##
#.'.....)....)..........''..##.##


You could see a goliath beetle.

Vanquished Creatures
  2 black bears (D:6)
  2 ogres
  A phantom (D:5)
  4 centaur zombies (Ossuary)
  An orc priest (D:4)
  2 worker ants
  Natasha (thrice) (D:5)
  An orc wizard (D:6)
  2 iguanas (D:6)
  2 big kobold zombies (Ossuary)
  5 mummies (Ossuary)
  8 adders
  A gnoll (D:4)
  2 giant mites
  A worm (D:2)
  23 orcs
  2 ball pythons
  7 giant cockroaches
  9 hobgoblins
  7 jackals
  2 oozes (D:4)
  7 quokkas
  12 bats
  A giant cockroach zombie (D:6)
  4 giant geckos
  A giant gecko zombie (D:5)
  6 giant newts
  12 goblins
  A hobgoblin zombie (Ossuary)
  15 kobolds
  11 rats
157 creatures vanquished.

Notes
Turn   | Place    | Note
--------------------------------------------------------------
     0 | D:1      | Minkie, the High Elf Fighter, began the quest for the Orb.
     0 | D:1      | Reached XP level 1. HP: 16/16 MP: 2/2
   446 | D:1      | Reached XP level 2. HP: 19/21 MP: 3/3
   771 | D:1      | Reached skill level 4 in Long Blades
  1150 | D:2      | Found a blossoming altar of Fedhas.
  1183 | D:2      | Reached XP level 3. HP: 26/26 MP: 5/5
  1287 | D:2      | Found a snail-covered altar of Cheibriados.
  2079 | D:3      | Reached skill level 5 in Long Blades
  2226 | D:3      | Reached XP level 4. HP: 31/31 MP: 7/7
  2554 | D:3      | Found a radiant altar of Vehumet.
  2771 | D:3      | Reached skill level 6 in Long Blades
  3270 | D:4      | Reached XP level 5. HP: 15/36 MP: 8/8
  3482 | D:4      | Reached skill level 7 in Long Blades
  4020 | D:4      | Found a staircase to the Ecumenical Temple.
  4034 | Temple   | Entered the Ecumenical Temple
  4058 | Temple   | Became a worshipper of Warmaster Okawaru
  4183 | D:4      | Noticed an ogre
  4194 | D:4      | Killed an ogre
  4194 | D:4      | Reached XP level 6. HP: 7/42 MP: 10/10
  4496 | D:4      | Reached skill level 8 in Long Blades
  4607 | D:4      | Found an iron altar of Okawaru.
  4997 | D:5      | Entered Level 5 of the Dungeon
  5032 | D:5      | Noticed Natasha
  5046 | D:5      | Killed Natasha
  5213 | D:5      | Noticed Natasha
  5222 | D:5      | Killed Natasha
  5350 | D:5      | Found Watuapum's Food Shop.
  5364 | D:5      | Noticed Natasha
  5369 | D:5      | Killed Natasha
  5609 | D:5      | Acquired Okawaru's first power
  5609 | D:5      | Reached skill level 9 in Long Blades
  5695 | D:6      | Reached XP level 7. HP: 12/46 MP: 12/12
  5889 | D:6      | Found a sand-covered staircase.
  5894 | Ossuary  | Entered an ossuary
  6336 | Ossuary  | Reached skill level 10 in Long Blades
  6714 | D:6      | Found a white marble altar of Elyvilon.
  6814 | D:6      | Found a shattered altar of Ashenzari.
  6868 | D:6      | Found a bloodstained altar of Trog.
  6882 | D:6      | Reached skill level 11 in Long Blades
  6952 | D:6      | Reached XP level 8. HP: 32/52 MP: 13/13
  7147 | D:6      | Found Gater's Gadget Boutique.
  7167 | D:6      | Learned a level 6 spell: Haste
  7488 | D:6      | HP: 2/52 [goliath beetle (20)]
  7494 | D:6      | Mangled by a goliath beetle

Action                   |  1- 3 |  4- 6 |  7- 9 || total
-------------------------+-------+-------+-------++-------
Melee: Long sword        |   170 |   348 |   140 ||   658
  Use: Scroll            |       |       |     4 ||     4
       Potion            |       |       |     1 ||     1
  Eat: Chunk             |     4 |    12 |     4 ||    20
       Pizza             |       |       |     1 ||     1
